 Dungeon Crawl Stone Soup version 0.21-a0-582-g1b93aee (webtiles) character file.

280 Amnesiac the Covered (level 6, -4/63 HPs)
             Began as a Halfling Fighter on Dec 19, 2017.
             Killed from afar by Dowan (26 damage)
             ... with a shard of ice
             ... on level 4 of the Dungeon.
             The game lasted 00:03:45 (2243 turns).

Amnesiac the Covered (Halfling Fighter)             Turns: 2243, Time: 00:03:45

Health: -4/63      AC: 23    Str: 18 (19) XL:     6   Next: 52%
Magic:  15/15      EV:  3    Int:  5 (6)  God:
Gold:   135        SH: 10    Dex: 13 (14) Spells: 5/5 levels left

rFire    . . .     SeeInvis .   x - -1 scimitar (curse)
rCold    . . .     Gourm    .   c - +0 shield
rNeg     + + +     Faith    .   (armour currently unavailable)
rPois    +         Spirit   .   (helmet currently unavailable)
rElec    .         Reflect  .   (cloak currently unavailable)
rCorr    .         Harm     .   (gloves currently unavailable)
MR       .....     NoTele   +   (boots currently unavailable)
Stlth    +.........             (no amulet)
HPRegen  0.20/turn              s - ring of magical power
MPRegen  0.14/turn              (no ring)

@: tree-form, hasted, very quick
A: small, mutation resistance 1
a: no special abilities


You were on level 4 of the Dungeon.
You were not hungry.
You were a tree.
You visited 1 branch of the dungeon, and saw 4 of its levels.

You collected 135 gold pieces.

Inventory:

Hand Weapons
 a - a +0 rapier
 x - a cursed -1 scimitar (weapon)
Missiles
 l - 61 sling bullets
 n - 18 poisoned needles
 o - 54 stones (quivered)
 v - 5 tomahawks of returning
 y - 3 tomahawks
Armour
 b - a +0 scale mail (melded)
 c - a +0 shield (worn)
 t - a cursed +0 helmet (melded)
 w - a +1 helmet
Jewellery
 s - a ring of magical power (left branch)
Scrolls
 h - 2 scrolls of remove curse {!r, unknown}
 i - 6 scrolls of identify {!r}
 p - 5 scrolls of teleportation {!r}
 q - a scroll of noise {!r, unknown}
 r - 2 scrolls of enchant armour {!r}
Potions
 d - 4 potions of might {!q}
 e - a potion of lignification {!q}
 j - a potion of curing {!q}
 m - 2 potions of haste {!q}
Books
 u - a book of Minor Magic

   Spells                             Type                      Level
   a - Magic Dart                     Conjuration                  1
   b - Blink                          Translocation                2
   c - Call Imp                       Summoning                    2
   d - Slow                           Hexes                        2
   e - Conjure Flame                  Conjuration/Fire             3
   f - Mephitic Cloud                 Conjuration/Poison/Air       3
Comestibles
 f - 4 rations
 g - 5 chunks of flesh


   Skills:
 + Level 3.5 Fighting
 - Level 3.0 Short Blades
 + Level 4.2 Armour
 + Level 4.2 Dodging
 + Level 4.2 Shields


You had 5 spell levels left.
You didn't know any spells.

Dungeon Overview and Level Annotations

Branches:
Dungeon (4/15)
 Temple: D:4-7

Altars:

Annotations:
D:4 Dowan


Innate Abilities, Weirdness & Mutations

You are small and have problems with some larger weapons.
You are somewhat resistant to further mutation.


Message History

Really quaff
k - a fizzy blue potion {!q}?
It was a potion of degeneration {!q}.
There was something very wrong with that liquid.
You feel weakened.
You feel dopey.
You feel clumsy. You block Duvessa's attack.
You closely miss Duvessa.
Duvessa is almost dead.
Duvessa hits you but does no damage. x2
You hit Duvessa.
You kill Duvessa!
Dowan screams, "No!
No!"
Dowan seems to find hidden reserves of power!
You feel your strength returning.
You feel your intelligence returning.
You feel your dexterity returning.
Your Armour skill increases to level 4!
Your Dodging skill increases to level 4!
Your Shields skill increases to level 4!
You have reached level 6!
Your experience leads to an increase in your attributes!
Your base attributes are Str 18, Int 6, Dex 14.
Increase (S)trength, (I)ntelligence, or (D)exterity?
You feel stronger.
You aren't carrying any items that you can evoke.
You closely miss Dowan.
Dowan gestures wildly while chanting.
Dowan blinks!
Really read
i - 8 scrolls labeled JEPNUKK PAANYE {!r}?
As you read the scroll labeled JEPNUKK PAANYE {!r}, it crumbles to dust.
It is a scroll of identify.
r - 2 scrolls of enchant armour {!r} Dowan gestures at you while chanting.
The stone arrow hits you!
Wear which item? (? for menu, Esc to quit)
Okay, then.
Put on which piece of jewellery? (? for menu, Esc to quit)
Okay, then.
Throwing (i - inventory. (,) - cycle):
o - 57 stones (quivered)
Press: ? - help, Shift-Dir - straight line, f - Dowan
Aim: Dowan, wielding a dagger and wearing a robe (fast)
You throw a stone. The stone hits Dowan.
Dowan is lightly wounded.
Throwing (i - inventory. (,) - cycle):
o - 56 stones (quivered)
Press: ? - help, Shift-Dir - straight line, f/p - Dowan
Aim: Dowan, wielding a dagger and wearing a robe (lightly wounded, fast)
You throw a stone. The stone completely misses Dowan.
Dowan points at you and mumbles some strange words.
The stone arrow hits you!
Throwing (i - inventory. (,) - cycle):
o - 55 stones (quivered)
Press: ? - help, Shift-Dir - straight line, f/p - Dowan
Aim: Dowan, wielding a dagger and wearing a robe (lightly wounded, fast)
You throw a stone. The stone misses Dowan.
You barely miss Dowan.
Dowan is lightly wounded.
You block Dowan's attack.
Dowan casts a spell.
Dowan blinks!
You can't unwield your weapon to draw a new one!
Unknown command.
Really read
i - 7 scrolls of identify {!r}?
As you read the scroll of identify {!r}, it crumbles to dust.
p - 5 scrolls of teleportation {!r} Dowan casts a spell at you.
Helpless, you fail to dodge the shard of ice.
You die...

## ########### #e.
#......##..
#...#########......##.#
+(.(.§♣)...............
#...######.#...........
### #.#(######....
#.#(. #.... ......
##.... ....... ......
[........##....
.........##.... #....


You could see Dowan.

Vanquished Creatures
  Duvessa (D:4)
  2 worker ants (D:4)
  A gnoll (D:1)
  5 adders
  2 worms (D:2)
  3 dart slugs
  2 leopard geckos
  5 orcs
  5 bats
  2 giant cockroaches
  A goblin (D:1)
  9 hobgoblins
  3 quokkas (D:3)
  2 ball pythons
  2 frilled lizards
  4 kobolds
  A quokka skeleton (D:3)
  7 rats
57 creatures vanquished.

Notes
Turn   | Place    | Note
-------+----------+-------------------------------------------
     0 | D:1      | Amnesiac the Halfling Fighter began the quest for the Orb.
     0 | D:1      | Reached XP level 1. HP: 15/15 MP: 1/1
    46 | D:1      | Reached skill level 1 in Dodging
    80 | D:1      | Reached XP level 2. HP: 20/20 MP: 2/2
   257 | D:1      | Reached XP level 3. HP: 25/25 MP: 3/3
   816 | D:2      | Reached XP level 4. HP: 30/30 MP: 4/4
  1753 | D:3      | Reached XP level 5. HP: 36/36 MP: 5/5
  2204 | D:4      | Noticed Duvessa
  2209 | D:4      | Noticed Dowan
  2236 | D:4      | Killed Duvessa
  2236 | D:4      | Reached XP level 6. HP: 21/42 MP: 6/6
  2243 | D:4      | Killed from afar by Dowan

Vault maps used:
D:1:      lightli_arrival_windingriver
D:2:      minmay_strange_pillars
D:4:      lemuel_crystal_altar, first_ration, uniq_duvessa

Skill      XL: |  1  2  3  4  5 |
---------------+----------------+-----
Dodging        | 1 2 3 4 |  4.2
Short Blades   | 3 |  3.0
Fighting       | 3 |  3.5
Armour         | 4 |  4.2
Shields        | 4 |  4.2

Action                   |  1- 3 |  4- 6 || total
-------------------------+-------+-------++-------
Melee: Rapier            |    72 |   123 ||   195
       Scimitar          |       |    42 ||    42
Throw: Stone             |    16 |    74 ||    90
  Use: Potion            |       |     4 ||     4
       Scroll            |       |     2 ||     2
  Eat: Chunk             |       |     5 ||     5
Armor: Scale mail        |    19 |    46 ||    65
       Skin              |       |    15 ||    15
Dodge: Dodged            |    33 |    79 ||   112
Block: Shield            |    35 |    75 ||   110
       Rpst.: Scimitar   |       |     9 ||     9

Table legend:
 A = Spawn XP
 B = Non-spawn XP
 C = Spawn XP percentage of total XP
 D = Spawn monster count
 E = Non-spawn monster count
 F = Spawn count percentage of total count
 G = Total turns spent on level
                    A         B        C        D         E        F      G
               +---------+---------+-------+---------+---------+-------+---------
         Total |       0 |     401 |   0.0 |       0 |      57 |   0.0 |  2243
               +---------+---------+-------+---------+---------+-------+---------
           D:1 |       0 |      38 |   0.0 |       0 |      12 |   0.0 |   540
           D:2 |       0 |      60 |   0.0 |       0 |      19 |   0.0 |   873
           D:3 |       0 |      68 |   0.0 |       0 |      18 |   0.0 |   666
           D:4 |       0 |     235 |   0.0 |       0 |       8 |   0.0 |   164
               +---------+---------+-------+---------+---------+-------+---------
